 Dungeon Crawl Stone Soup version 0.20-a0-923-g548304e (webtiles) character file.

3640 Lifeless the Protected (level 9, -5/82 HPs)
             Began as a Minotaur Fighter on Mar 26, 2017.
             Was a Believer of Okawaru.
             Killed from afar by Erica (25 damage)
             ... with a bolt of poison
             ... on level 8 of the Dungeon.
             The game lasted 00:37:30 (7212 turns).

Lifeless the Protected (Minotaur Fighter)           Turns: 7212, Time: 00:37:33

Health: -5/82      AC: 16    Str: 24    XL:     9   Next: 87%
Magic:  8/8        EV:  8    Int:  5    God:    Okawaru [**....]
Gold:   314        SH: 11    Dex: 10    Spells: 8/8 levels left

rFire    + . .     SeeInvis .   B - +1 falchion (elec)
rCold    + . .     Gourm    .   c - +0 shield
rNeg     . . .     Faith    .   z - +0 plate armour
rPois    .         Spirit   .   (helmet restricted)
rElec    .         Reflect  .   J - +1 cloak {MR+}
rCorr    .         Harm     .   (no gloves)
MR       +....                  (no boots)
Stlth    ..........             (no amulet)
Regen    0.3/turn               n - ring of protection from fire
MPRegen  0.2/turn               y - ring of protection from cold

@: lethally poisoned (-5 -> -17)
A: retaliatory headbutt, horns 2
a: Heroism, Renounce Religion


You were on level 8 of the Dungeon.
You worshipped Okawaru.
Okawaru was pleased with you.
You were hungry.

You visited 2 branches of the dungeon, and saw 9 of its levels.

You collected 314 gold pieces.

Inventory:

Hand Weapons
 B - a +1 falchion of electrocution (weapon)
Missiles
 L - 3 tomahawks (quivered)
Armour
 c - a +0 shield (worn)
 z - a +0 plate armour (worn)
 J - a +1 cloak of magic resistance (worn)
Jewellery
 l - an uncursed amulet of faith
 n - a ring of protection from fire (left hand)
 y - a ring of protection from cold (right hand)
 A - an uncursed ring of flight
 D - an uncursed ring of resist corrosion
Wands
 p - a wand of polymorph (0/24)
 s - a wand of digging (10/24)
Scrolls
 a - 2 scrolls of recharging {unknown}
 d - 3 scrolls of fear {unknown}
 g - a scroll of fog
 h - 2 scrolls of enchant weapon {unknown}
 i - 4 scrolls of remove curse
 j - a scroll of acquirement {unknown}
 o - a scroll of random uselessness {unknown}
 r - 2 scrolls of teleportation {unknown}
 v - a scroll of amnesia {unknown}
 w - 2 scrolls of identify {unknown}
 C - a scroll of magic mapping {unknown}
 E - a scroll of blinking {unknown}
 G - a scroll of summoning {unknown}
 K - a scroll of immolation {unknown}
Potions
 b - a potion of ambrosia {unknown}
 e - 2 potions of mutation {unknown}
 f - 2 potions of heal wounds {unknown}
 k - 5 potions of curing {unknown}
 m - a potion of berserk rage {unknown}
 q - a potion of brilliance {unknown}
 t - 2 potions of cancellation {unknown}
 u - 2 potions of degeneration {unknown}
 x - a potion of agility {unknown}
Comestibles
 F - a meat ration
 H - 2 royal jellies
 I - 6 bread rations


   Skills:
 + Level 8.4 Fighting
 + Level 7.9 Long Blades
 + Level 8.5 Armour
 + Level 6.9 Dodging
 + Level 8.4 Shields


You had 8 spell levels left.
You didn't know any spells.

Dungeon Overview and Level Annotations

Branches:
Dungeon (8/15)             Temple (1/1) D:6
   Lair: D:8-11

Altars:
Ashenzari
Cheibriados
Dithmenos
Elyvilon
Fedhas
Gozag
Hepliaklqana
Kikubaaqudgha
Makhleb
Okawaru
Sif Muna
Trog
Uskayaw
Vehumet
Wu Jian
Xom
Zin

Annotations:
D:8 Erica


Innate Abilities, Weirdness & Mutations

You reflexively headbutt those who attack you in melee.
You have a pair of horns on your head.


Message History

The killer bee stings you but does no damage.
You block the killer bee's attack.
You feel sick. The killer bee closely misses you.
You block the killer bee's attack.
You feel sick.
The killer bee stings you but does no damage.
You block the killer bee's attack. The killer bee stings you.
* * * LOW HITPOINT WARNING * * *
Your shield and plate armour prevent you from hitting the killer bee.
Your headbutt misses the killer bee.
The killer bee is heavily wounded.
You feel sick. You block the killer bee's attack.
You feel sick.
You hear some strange, mumbled words.
A bolt of poison appears from out of thin air!
Deactivating autopickup; reactivate with Ctrl-A.
The bolt of poison hits you!
You are more poisoned.
You die...

y## #....# .O# #....#
#Y# ####.# ..# #.#
### #.# # #.#
################ #.#
Z.......YyyO...####.#
##############..@...#
########


You could see a two-headed ogre and 2 killer bees.

Vanquished Creatures
  The ghost of sergedm the Conjurer, a novice DrCj of Vehumet (D:6)
  The ghost of Lifeless the Skirmisher, an amateur MiFi (D:3)
  Prince Ribbit (D:7)
  A spriggan (D:7)
  A water moccasin (D:8)
  2 orc warriors (D:6)
  2 sky beasts
  3 ogres
  A black bear (D:8)
  3 ice beasts
  3 phantoms
  3 centaurs
  3 bullfrogs
  A scorpion (D:6)
  A bullfrog zombie (D:6)
  2 crimson imps
  A quasit (D:7)
  A centaur skeleton (D:6)
  4 orc wizards
  Crazy Yiuf (D:6)
  2 orc priests
  A hound (D:4)
  A bullfrog skeleton (D:7)
  3 iguanas
  2 worker ants
  2 hound skeletons
  4 gnolls (D:4)
  5 adders
  An ooze (D:6)
  An adder zombie (D:6)
  A worm (D:4)
  7 leopard geckos
  26 orcs
  A ball python (D:4)
  8 giant cockroaches
  5 goblins
  10 hobgoblins
  17 jackals
  11 kobolds
  3 quokkas
  5 bats
  8 frilled lizards
  2 quokka skeletons
  16 rats
178 creatures vanquished.

Notes
Turn   | Place    | Note
-------+----------+-------------------------------------------
     0 | D:1      | Lifeless the Minotaur Fighter began the quest for the Orb.
     0 | D:1      | Reached XP level 1. HP: 19/19 MP: 0/0
   172 | D:1      | Reached XP level 2. HP: 25/27 MP: 1/1
   737 | D:1      | Reached skill level 1 in Dodging
  1140 | D:2      | Reached XP level 3. HP: 33/33 MP: 2/2
  1685 | D:2      | Reached XP level 4. HP: 25/40 MP: 3/3
  2340 | D:3      | Noticed Lifeless's ghost (amateur MiFi)
  2356 | D:3      | Killed Lifeless's ghost
  2356 | D:3      | Reached skill level 5 in Fighting
  2356 | D:3      | Reached skill level 5 in Shields
  2356 | D:3      | Reached XP level 5. HP: 24/48 MP: 4/4
  2356 | D:3      | Reached XP level 6. HP: 28/56 MP: 5/5
  2630 | D:3      | Reached skill level 5 in Armour
  2634 | D:3      | Noticed Sigmund
  2634 | D:3      | Noticed Sigmund
  2634 | D:3      | Sigmund changed into Sigmund the centaur
  2641 | D:3      | Killed Sigmund the centaur
  2663 | D:3      | Reached XP level 7. HP: 37/61 MP: 6/6
  3447 | D:4      | Found a bloodstained altar of Trog.
  3894 | D:4      | Reached skill level 5 in Long Blades
  4061 | D:5      | Entered Level 5 of the Dungeon
  4249 | D:5      | Found an opulent altar of Gozag.
  4507 | D:5      | Found an ancient bone altar of Kikubaaqudgha.
  4534 | D:5      | Reached XP level 8. HP: 70/70 MP: 7/7
  4651 | D:6      | Noticed sergedm's ghost (novice DrCj)
  4974 | D:6      | Killed sergedm's ghost
  5181 | D:6      | Reached skill level 5 in Dodging
  5246 | D:6      | Found a staircase to the Ecumenical Temple.
  5293 | Temple   | Entered the Ecumenical Temple
  5366 | Temple   | Became a worshipper of Warmaster Okawaru
  5441 | D:6      | Reached XP level 9. HP: 79/79 MP: 8/8
  5992 | D:6      | Found an ornate altar of the Wu Jian Council.
  6138 | D:6      | Reached * piety under Okawaru
  6178 | D:6      | Found a runed door.
  6182 | D:6      | Noticed Crazy Yiuf
  6186 | D:6      | Killed Crazy Yiuf
  6402 | D:7      | Noticed Prince Ribbit
  6411 | D:7      | Killed Prince Ribbit
  6787 | D:7      | Found a white marble altar of Elyvilon.
  7156 | D:8      | Noticed Erica
  7171 | D:8      | Reached ** piety under Okawaru
  7176 | D:8      | Noticed a two-headed ogre
  7212 | D:8      | Killed from afar by Erica

Vault maps used:
D:1:      lemuel_arrival_funnel, columned_hall_lemuel
D:3:      uniq_sigmund
D:4:      marbit_many_paths, first_bread
D:5:      grunt_gozag_statues, lemuel_crystal_altar
D:6:      lemuel_coloured_pillars_altar, temple_fountains,
          uniq_crazy_yiuf_cottage
D:7:      basic_altar, the_bakery, uniq_prince_ribbit1
D:8:      old_standard_altar, nicolae_overflow_hidden_temple,
          serial_bayou_pond_e, uniq_erica
Temple:   dshaligram_water_room_temple

Skill      XL: |  1  2  3  4  5  6  7  8  9 |
---------------+----------------------------+-----
Dodging        | 1 2 3 4 5 6 |  6.9
Shields        | 4 5 6 7 8 |  8.4
Fighting       | 4 5 6 7 8 |  8.4
Armour         | 4 5 6 7 8 |  8.5
Long Blades    | 3 4 5 6 7 |  7.9

Action                   |  1- 3 |  4- 6 |  7- 9 || total
-------------------------+-------+-------+-------++-------
Melee: Long sword        |   150 |    61 |   110 ||   321
       Headbutt          |    11 |    15 |    67 ||    93
       Falchion          |       |       |   262 ||   262
Evoke: Wand              |       |     2 |     1 ||     3
  Use: Scroll            |     1 |       |     1 ||     2
       Potion            |       |     1 |     1 ||     2
  Eat: Bread ration      |     1 |       |     2 ||     3
       Royal jelly       |       |     1 |       ||     1
       Meat ration       |       |       |     1 ||     1
Armor: Scale mail        |    13 |       |       ||    13
       Chain mail        |    54 |    15 |    68 ||   137
       Plate armour      |       |       |    53 ||    53
Dodge: Dodged            |    35 |    12 |    79 ||   126
Block: Shield            |    71 |    28 |   154 ||   253
       Rpst.: Long sword |     8 |     4 |     6 ||    18
       Falchion          |       |       |    16 ||    16
